 Dungeon Sprint DCSS version 0.21.0-3-g78d12a8 (webtiles) character file.

4588 sanboga the Fighter (level 10, -6/76 HPs)
             Began as a Gargoyle Berserker on Jan 10, 2018.
             Was the Champion of Trog.
             Shot with an arrow by Nessos (8 damage)
             ... in the Dungeon (Sprint II: "The Violet Keep of Menkaure").
             The game lasted 00:10:13 (1912 turns).

sanboga the Fighter (Gargoyle Berserker)            Turns: 1912, Time: 00:10:14

Health: -6/76      AC: 26    Str: 22    XL:     10   Next: 41%
Magic:  10/10      EV: 10    Int: 14    God:    Trog [******]
Gold:   205        SH:  0    Dex:  9    Spells: 9/9 levels left

rFire    . . .     SeeInvis .   j - +7 morningstar "Ceith" {flame, rElec Int+6 Stlth-}
rCold    . . .     Gourm    .   (no shield)
rNeg     + . .     Faith    .   k - +3 plate armour {rPois}
rPois    ∞         Spirit   .   (no helmet)
rElec    +         Reflect  .   (no cloak)
rCorr    .         Harm     .   (no gloves)
MR       .....     NoTele   +   v - +0 pair of boots
Stlth    ..........             (no amulet)
HPRegen  0.22/turn              (no ring)
MPRegen  0.12/turn              (no ring)

@: berserk cooldown, flying, slowed, very slow
A: negative energy resistance 1, screaming 1, electricity resistance, weak 1,
unbreathing, petrification resistance, rot immunity, AC +7
a: Berserk, Trog's Hand, Brothers in Arms, Burn Spellbooks, Renounce Religion


You were in the Dungeon.
You worshipped Trog.
Trog was exalted by your worship.
You were not hungry.

You visited 1 branch You collected 1140 gold pieces.
You spent 935 gold pieces at shops.

Inventory:

Hand Weapons
 b - a +2 antimagic broad axe
 j - the +7 morningstar "Ceith" (weapon) {flame, rElec Int+6 Stlth-}
   (You bought it in a shop in the Dungeon)

   It has been specially enchanted to burn those struck by it, causing extra
   injury to most foes and up to half again as much damage against particularly
   susceptible opponents.
   It affects your intelligence (+6).
   It insulates you from electricity.
   It makes you less stealthy.
Missiles
 u - 12 javelins (quivered)
Armour
 k - a +3 plate armour of poison resistance (worn)
 v - a +0 pair of boots (worn)
Scrolls
 a - 2 scrolls of identify
 i - a scroll of blinking
 l - a scroll of fog
Potions
 d - a potion of curing
 f - a potion of haste
 g - 5 potions of magic
 n - 4 potions of resistance
 q - 2 potions of flight
Comestibles
 c - 7 rations


   Skills:
 + Level 14.5 Fighting
 - Level 12.0(12.9) Axes
 + Level 8.8(12.0) Maces & Flails
 + Level 10.2 Armour
 - Level 8.0 Dodging


You had 9 spell levels left.
You didn't know any spells.

Dungeon Overview and Level Annotations

Branches:
Dungeon (1/1)

Altars:
Cheibriados
Dithmenos
Elyvilon
Fedhas
Gozag
Hepliaklqana
Kikubaaqudgha
Makhleb
Nemelex Xobeh
Okawaru
Qazlal
Ru
Sif Muna
Trog
Uskayaw
Vehumet
Wu Jian
Xom
Yredelemnul
Zin
The Shining One
Beogh
Jiyva
Lugonu

Shops:
D !*:[=%?}(=:!}}[%=(}:

Annotations:
D exclusion: oklob plant, Nessos, Roxanne


Innate Abilities, Weirdness & Mutations

You are resistant to torment.
Your stone body is resilient. (AC +7)
You are immune to poison.
You resist negative energy. (rN+)
You are resistant to electric shocks. (rElec)
You can survive without breathing.
You are immune to petrification.
You are immune to rotting.
You occasionally shout uncontrollably at your foes.
You are weak. (Str -2)


Message History

The arrow burns you.
* * * LOW HITPOINT WARNING * * *
Things that are here:
3 arrows; a scroll labeled AROSICUOCI Nessos is no longer moving quickly.
Nessos unwields an uncursed longbow of flaming.
It stops flaming.
Nessos hits you.
* * * LOW HITPOINT WARNING * * *
Nessos hits you but does no damage.
You hit Nessos but do no damage.
Nessos is severely wounded.
Nessos mumbles some strange words.
Nessos seems to speed up.
Nessos blinks!
Nessos wields an uncursed longbow of flaming.
It bursts into flame!
Nessos shoots an arrow.
The arrow hits you!
* * * LOW HITPOINT WARNING * * *
The arrow burns you.
* * * LOW HITPOINT WARNING * * *
Nessos shoots an arrow.
The arrow hits you!
You die...

**+***,,,,,##§§§§§§§§≈#
*,,,**,,,,,###§§§≈≈§§##
**+***,,,,,#∩####+####§
*,,,***,,,##.^.^#####≈≈
*,∩,+***,*#∩^.^.^..'§≈§
*,,,*,,###########.##≈§
******,,|[:.o|ooo#^.##≈
###################...##
#([∩∩(≈@(^...c....^...+,
#######################*


You could see Nessos.

Vanquished Creatures
  A kraken (D)
  A merfolk siren (D)
  A yaktaur (D)
  3 polar bears (D)
  A blink frog (D)
  A hornet (D)
  4 neqoxecs (D)
  Menkaure (D)
  4 necrophages (D)
  3 crocodiles (D)
  9 electric eels (D)
  3 worms (D)
  4 tentacles (D)
36 creatures vanquished.

Vanquished Creatures (others)
  A crocodile (D)
  8 tentacles (D)
9 creatures vanquished.

Grand Total: 45 creatures vanquished

Notes
Turn   | Place    | Note
-------+----------+-------------------------------------------
     0 | D        | sanboga the Gargoyle Berserker began the quest for the Orb.
     0 | D        | Reached XP level 1. HP: 14/14 MP: 1/1
     1 | D        | Noticed a neqoxec
     3 | D        | Noticed an iron imp
     8 | D        | Gained mutation: You occasionally shout uncontrollably at your foes. [a neqoxec]
    12 | D        | Killed a neqoxec
    12 | D        | Reached skill level 6 in Fighting
    12 | D        | Reached XP level 2. HP: 17/23 MP: 2/2
    12 | D        | Reached XP level 3. HP: 21/28 MP: 3/3
    12 | D        | Reached XP level 4. HP: 24/32 MP: 4/4
    12 | D        | Reached XP level 5. HP: 27/37 MP: 5/5
    88 | D        | Killed a crocodile
   150 | D        | Noticed Roxanne
   150 | D        | Noticed a neqoxec
   153 | D        | Noticed Menkaure
   153 | D        | Noticed a neqoxec
   153 | D        | Noticed a neqoxec
   155 | D        | Gained mutation: You are weak. (Str -2) [a neqoxec]
   158 | D        | Killed Menkaure
   158 | D        | Reached ** piety under Trog
   158 | D        | Reached skill level 8 in Fighting
   158 | D        | Reached XP level 6. HP: 39/44 MP: 6/6
   164 | D        | Killed a neqoxec
   164 | D        | Reached skill level 9 in Fighting
   169 | D        | Killed a neqoxec
   169 | D        | Reached skill level 5 in Dodging
   169 | D        | Reached XP level 7. HP: 28/51 MP: 7/7
   171 | D        | Killed a neqoxec
   171 | D        | Reached *** piety under Trog
   171 | D        | Reached skill level 10 in Fighting
   171 | D        | Reached skill level 10 in Axes
   171 | D        | Reached skill level 5 in Armour
   507 | D        | Noticed a merfolk siren
   519 | D        | Killed a merfolk siren
   519 | D        | Reached **** piety under Trog
   519 | D        | Reached XP level 8. HP: 59/59 MP: 8/8
   584 | D        | Reached skill level 11 in Fighting
   592 | D        | Reached ***** piety under Trog
   645 | D        | Found Piquestru's Distillery.
   645 | D        | Found Miakung's Gadget Emporium.
   645 | D        | Found Ettad's Food Emporium.
   645 | D        | Found Nafun's Book Shoppe.
   645 | D        | Found Ammeggev's Antique Weapon Emporium.
   645 | D        | Found Fyfoklad's Gadget Shoppe.
   645 | D        | Found Zuofit's Antique Armour Shoppe.
   645 | D        | Found Viabburo's Jewellery Shoppe.
   646 | D        | Found Elamaet's Jewellery Shoppe.
   647 | D        | Found Delil's Gadget Shoppe.
   647 | D        | Found Qocaesup's Magic Scroll Emporium.
   647 | D        | Noticed a wyvern
   648 | D        | Found Jihes's Jewellery Emporium.
   648 | D        | Found Pock's Antique Armour Shoppe.
   648 | D        | Noticed a wyvern
   648 | D        | Noticed an oklob plant
   649 | D        | Found Ximp's Assorted Antiques.
   649 | D        | Found Ycautula's Book Shoppe.
   649 | D        | Found Nusoham's Distillery.
   656 | D        | Bought a polished morningstar for 234 gold pieces
   664 | D        | Bought a shiny plate armour for 416 gold pieces
   675 | D        | Identified the +7 morningstar "Ceith" {flame, rElec Int+6 Stlth-} (You bought it in a shop in the Dungeon)
   702 | D        | Noticed a hell hog
   703 | D        | Noticed a hell hog
   713 | D        | Bought a scroll of enchant armour for 105 gold pieces
   718 | D        | Bought a ration for 60 gold pieces
   718 | D        | Bought a ration for 60 gold pieces
   718 | D        | Bought a ration for 60 gold pieces
   729 | D        | Noticed a blink frog
   743 | D        | Killed a blink frog
   743 | D        | Reached skill level 1 in Maces & Flails
   755 | D        | Noticed a flying skull
   756 | D        | Noticed a flying skull
   756 | D        | Noticed a flying skull
   757 | D        | Noticed a flying skull
   757 | D        | Noticed a flying skull
   759 | D        | Noticed a flying skull
   760 | D        | Noticed a flying skull
   760 | D        | Noticed a flying skull
   761 | D        | Noticed a flying skull
   761 | D        | Noticed a flying skull
   761 | D        | Noticed a flying skull
   761 | D        | Noticed a flying skull
   769 | D        | Found a roughly hewn altar of Beogh.
   770 | D        | Found a hazy altar of Hepliaklqana.
   770 | D        | Found a snail-covered altar of Cheibriados.
   771 | D        | Found a viscous altar of Jiyva.
   771 | D        | Found a shadowy altar of Dithmenos.
   771 | D        | Found a stormy altar of Qazlal.
   772 | D        | Found an ancient bone altar of Kikubaaqudgha.
   772 | D        | Found a sacrificial altar of Ru.
   772 | D        | Found a white marble altar of Elyvilon.
   772 | D        | Noticed a polar bear
   773 | D        | Noticed a polar bear
   773 | D        | Noticed a polar bear
   773 | D        | Found a deep blue altar of Sif Muna.
   773 | D        | Found a corrupted altar of Lugonu.
   773 | D        | Found an ornate altar of the Wu Jian Council.
   773 | D        | Found a blossoming altar of Fedhas.
   774 | D        | Noticed a yaktaur
   774 | D        | Found a shimmering altar of Xom.
   774 | D        | Found a bloodstained altar of Trog.
   774 | D        | Found a burning altar of Makhleb.
   774 | D        | Found an opulent altar of Gozag.
   777 | D        | Noticed a hornet
   780 | D        | Killed a polar bear
   780 | D        | Reached skill level 12 in Fighting
   780 | D        | Reached XP level 9. HP: 65/65 MP: 9/9
   783 | D        | Killed a polar bear
   786 | D        | Killed a polar bear
   786 | D        | Received a gift from Trog
   788 | D        | Killed a hornet
   791 | D        | Killed a yaktaur
   791 | D        | Reached skill level 13 in Fighting
   791 | D        | Reached skill level 5 in Maces & Flails
   821 | D        | Found a glowing golden altar of the Shining One.
   821 | D        | Found a basalt altar of Yredelemnul.
   821 | D        | Found a hide-covered altar of Uskayaw.
   822 | D        | Found a glowing silver altar of Zin.
   822 | D        | Found a radiant altar of Vehumet.
   897 | D        | Noticed a kraken
   911 | D        | Found the +2 cloak of the Thief {+Fog Slay-2 SInv Stlth+}
  1259 | D        | Killed a kraken
  1259 | D        | Reached skill level 14 in Fighting
  1259 | D        | Reached XP level 10. HP: 75/75 MP: 10/10
  1347 | D        | Found a sparkling altar of Nemelex Xobeh.
  1348 | D        | Found an iron altar of Okawaru.
  1363 | D        | Received a gift from Trog
  1454 | D        | Noticed a sixfirhy
  1458 | D        | Reached skill level 10 in Armour
  1836 | D        | Noticed a sixfirhy
  1839 | D        | Reached ****** piety under Trog
  1842 | D        | Noticed a sixfirhy
  1849 | D        | Found Zainifawk's Book Shoppe.
  1850 | D        | Found Voum's Gadget Boutique.
  1886 | D        | Found Koruj's Antique Weapon Boutique.
  1887 | D        | Found Paschuass's Food Shoppe.
  1889 | D        | Noticed Nessos
  1912 | D        | HP: 2/76 [Nessos/arrow (3)]
  1912 | D        | Shot with an arrow by Nessos

Skill      XL: |  1  2  3  4  5  6  7  8  9 10 |
---------------+-------------------------------+-----
Fighting       | 6 8 9 10 12 14 | 14.5
Axes           | 6 8 9 11 12 | 12.0
Armour         | 3 4 5 9 10 | 10.2
Dodging        | 3 4 5 6 7 8 |  8.0
Maces & Flails | 2 8 |  8.8

Action                   |  1- 3 |  4- 6 |  7- 9 | 10-12 || total
-------------------------+-------+-------+-------+-------++-------
Melee: Hand axe          |    10 |    15 |    37 |       ||    62
       Morningstar       |       |       |    31 |    45 ||    76
Invok: Berserk           |     1 |     1 |     4 |       ||     6
  Use: Scroll            |       |       |    10 |       ||    10
       Potion            |       |       |     1 |     4 ||     5
  Eat: Chunk             |       |       |     5 |       ||     5
       Ration            |       |       |       |     1 ||     1
Armor: Animal skin       |     2 |     6 |    10 |       ||    18
       Plate armour      |       |       |    43 |    23 ||    66
Dodge: Dodged            |    13 |    13 |    33 |    21 ||    80
